 Dungeon Crawl Stone Soup version 0.21.0-37-g46506fa5f3 (webtiles) character file.

245 DildoBatman the Sneak (level 6, -1/48 HPs)
             Began as a Formicid Enchanter on Jan 30, 2018.
             Slain by an adder zombie (2 damage)
             ... on level 5 of the Dungeon.
             The game lasted 00:16:48 (5798 turns).

DildoBatman the Sneak (Formicid Enchanter)          Turns: 5798, Time: 00:16:49

Health: -1/48      AC:  7    Str: 15    XL:     6   Next: 32%
Magic:  3/9        EV: 11    Int: 14    God:
Gold:   124        SH:  0    Dex: 11    Spells: 5/9 levels left

rFire    . . .     SeeInvis +   a - +0 mace
rCold    . . .     Gourm    .   (no shield)
rNeg     . . .     Faith    .   i - +0 ring mail
rPois    .         Spirit   .   (helmet unavailable)
rElec    .         Reflect  .   j - +0 cloak
rCorr    .         Harm     .   (no gloves)
MR       .....                  l - +0 pair of boots
Stlth    ++........             (no amulet)
HPRegen  0.16/turn              (no ring)
MPRegen  0.11/turn              (no ring)

@: lethally poisoned (-1 -> -3)
A: permanent stasis, dig shafts and tunnels, four strong arms, antennae 3
a: Dig, Shaft Self


You were on level 5 of the Dungeon.
You were near starving.

You visited 2 branches of the dungeon, and saw 6 of its levels.

You collected 199 gold pieces.
You spent 75 gold pieces at shops.

Inventory:

Hand Weapons
 a - a +0 mace (weapon)
 b - a +1 dagger
Armour
 i - a +0 ring mail (worn)
 j - a +0 cloak (worn)
 l - a +0 pair of boots (worn)
Wands
 r - a wand of random effects (15)
 t - a wand of digging (23)
Scrolls
 e - 3 scrolls of enchant armour {unknown}
 f - 3 scrolls of teleportation {unknown}
 n - a scroll of magic mapping {unknown}
 o - 2 scrolls of amnesia {unknown}
 p - 2 scrolls of fear {unknown}
 s - 2 scrolls of identify {unknown}
 w - a scroll of remove curse {unknown}
Potions
 d - 3 potions of agility {unknown}
 g - 2 potions of flight {unknown}
 h - a potion of brilliance {unknown}
 k - 2 potions of magic {unknown}
 m - 2 potions of heal wounds
 q - 2 potions of resistance {unknown}
 u - a potion of invisibility {unknown}
Books
 c - a book of Maledictions

   Spells                             Type                      Level
   a - Corona                         Hexes                        1
   b - Ensorcelled Hibernation        Hexes/Ice                    2
   c - Confuse                        Hexes                        3
   d - Tukima's Dance                 Hexes                        3
   e - Dazzling Spray                 Conjuration/Hexes            3
Comestibles
 v - 4 rations


   Skills:
 * Level 3.9 Fighting
 - Level 1.0 Short Blades
 * Level 2.9 Armour
 * Level 2.7 Dodging
 * Level 4.8 Stealth
 - Level 2.1 Spellcasting
 - Level 3.6 Hexes


You had 5 spell levels left.
You knew the following spells:

 Your Spells              Type           Power        Failure   Level  Hunger
a - Corona                Hex            ##.....      10%         1    #......
b - Confuse               Hex            ##......     30%         3    ###....


Dungeon Overview and Level Annotations

Branches:
Dungeon (5/15)             Temple (1/1) D:5

Altars:
Ashenzari
Cheibriados
Elyvilon
Gozag
Hepliaklqana
Makhleb
Nemelex Xobeh
Qazlal
Ru
Trog
Uskayaw
Vehumet
Xom
Yredelemnul

Shops:
D:5 *(}

Annotations:
D:2 Natasha
D:3 Menkaure, Terence
D:4 exclusions: ogre, sensed monster (detected) and skeleton, Duvessa, Eustachio
D:5 exclusions: jelly and sensed monster (detected)


Innate Abilities, Weirdness & Mutations

You cannot be hasted, slowed, berserked, paralysed or teleported.
You can dig through walls and to a lower floor.
Your four strong arms can wield two-handed weapons with a shield.
You have a pair of large antennae on your head. (SInv)


Message History

You feel sick. The adder zombie closely misses you.
You hit the adder zombie.
The adder zombie is lightly damaged.
You feel sick.
The adder zombie bites you but does no damage.
The adder zombie bites you.
You thump the adder zombie!
The adder zombie is severely damaged.
The adder zombie bites you but does no damage.
You barely miss the adder zombie.
The adder zombie is severely damaged.
You feel sick.
The adder zombie bites you but does no damage.
The adder zombie barely misses you.
You hit the adder zombie.
The adder zombie is almost destroyed.
You feel sick. The adder zombie bites you.
You die...

...# ##.## ####.#######s#
...# ##.## #.......... ...#
##.##############..# ...#
###########.............#.##
...#
#...........###########.#.#
...#
#...........#......#<##.#.##
...#
#...........#.####.#)##.#...
####
#.........Z†#.#...........#.
###########@#.#....#..#...#.
#####.#..(...##.#..<#.
#.......#.#..##.#.###.
#.###.#.#.#..##.#.....
#.....#.#.#..##.######
########+#.#.....#.....
#......+∩+..#.####.####
#.######+#....# #.# #.#
#...{#.#### #.#


You could see an adder zombie.

Vanquished Creatures
  A scorpion (D:5)
  A centaur skeleton (D:5)
  An orc wizard (D:4)
  Robin (D:2)
  4 adders
  A shadow imp (D:5)
  2 worms (D:2)
  2 dart slugs
  3 leopard geckos
  7 orcs
  2 giant cockroaches (D:1)
  8 hobgoblins
  A jackal (D:1)
  3 quokkas
  5 bats
  8 frilled lizards
  6 goblins
  9 kobolds
  8 rats
73 creatures vanquished.

Notes
Turn   | Place    | Note
-------+----------+-------------------------------------------
     0 | D:1      | DildoBatman the Formicid Enchanter began the quest for the Orb.
     0 | D:1      | Reached XP level 1. HP: 13/13 MP: 3/3
    39 | D:1      | Reached skill level 1 in Fighting
   339 | D:1      | Reached XP level 2. HP: 21/21 MP: 3/5
   973 | D:2      | Reached XP level 3. HP: 16/28 MP: 2/6
   978 | D:2      | Learned a level 3 spell: Confuse
  1462 | D:2      | Noticed Robin
  1794 | D:2      | Reached XP level 4. HP: 21/35 MP: 4/7
  1805 | D:2      | Killed Robin
  1866 | D:2      | Reached skill level 1 in Armour
  1866 | D:2      | Reached skill level 4 in Stealth
  2032 | D:3      | Noticed Natasha
  2281 | D:3      | Found a shimmering altar of Xom.
  2524 | D:3      | Noticed Terence
  3076 | D:4      | Reached XP level 5. HP: 41/41 MP: 6/8
  3135 | D:4      | Noticed Eustachio
  3464 | D:4      | Noticed Menkaure
  3883 | D:4      | Noticed Duvessa
  3918 | D:4      | Noticed an ogre
  4363 | D:5      | Entered Level 5 of the Dungeon
  4393 | D:5      | Found Xirosiaf's Weapon Emporium.
  4544 | D:5      | Found Coexytt's Gadget Shoppe.
  5200 | D:5      | Reached XP level 6. HP: 47/48 MP: 7/9
  5310 | D:5      | Found a staircase to the Ecumenical Temple.
  5319 | Temple   | Entered the Ecumenical Temple
  5544 | D:5      | Found Fecliuc's Assorted Antiques.
  5552 | D:5      | Bought a purple potion for 23 gold pieces
  5552 | D:5      | Bought a scroll labeled IRHAGG MUSID BOD for 26 gold pieces
  5552 | D:5      | Bought a scroll labeled YGAONW ACKUS for 26 gold pieces
  5795 | D:5      | HP: 2/48 [adder zombie (1)]
  5798 | D:5      | Slain by an adder zombie

Skill      XL: |  1  2  3  4 |
---------------+-------------+-----
Fighting       | 1 2 3 |  3.9
Dodging        | 2 |  2.7
Armour         | 2 |  2.9
Stealth        | 4 |  4.8
Short Blades   | |  1.0
Spellcasting   | |  2.1
Hexes          | |  3.6

Action                   |  1- 3 |  4- 6 || total
-------------------------+-------+-------++-------
Melee: Dagger            |   156 |   261 ||   417
       Short sword       |       |    11 ||    11
       Mace              |       |    16 ||    16
 Cast: Corona            |    21 |    40 ||    61
       Confuse           |       |     7 ||     7
 Abil: Dig               |     3 |    16 ||    19
 Stab: Sleeping          |     2 |       ||     2
       Confused          |       |     1 ||     1
  Eat: Chunk             |     3 |     8 ||    11
       Ration            |       |     2 ||     2
Armor: Robe              |     8 |       ||     8
       Leather armour    |    11 |       ||    11
       Ring mail         |    33 |   131 ||   164
Dodge: Dodged            |    85 |   204 ||   289
